AoeStats
← 沒起房子我日

Nomad

510452179Analyzed
4v4 RM · 17h ago on Oct 1, 2026· 26m 54s· 8 players
Game mode
Random Map
Map size
231×231
Population
200
Speed
Normal
Resources
Standard
Victory
Conquest
Starting age
Dark Age
Ending age
Imperial Age
RankedLock teamsTeams togetherTeam positionsShared explorationLock speedFull tech treeHidden civsTurbo modeCheats
Victory
Defeat
🇺🇸 Lithuanians · United States
1712
+10
🇲🇽 Celts · Mexico
1585
+14
🇦🇷 Sicilians · Argentina
1396
+22
🇦🇷 Vikings · Argentina
1363
+23
🇺🇾 Bengalis · Uruguay
1571
-18
🇺🇾 Georgians · Uruguay
1570
-18
🇹🇼 Cumans · Taiwan
1530
-17
🇩🇪 Italians · Germany
1501
-16
沒起房子我日
14:18 Feudal Age
14:28 Loom
15:21 Fishing Lines
|FMG| twitch/JabsUY
4:55 Loom
12:40 Feudal Age
13:37 Double-Bit Axe
15:04 Forging
21:16 Castle Age
20:07 Gold Mining
23:00 Bow Saw
24:20 Horse Collar
|FMG| Nadie
13:18 Feudal Age
17:11 Castle Age
15:29 Fishing Lines
15:40 Double-Bit Axe
18:28 Bow Saw
18:03 Horse Collar
18:12 Loom
18:47 Heavy Plow
20:35 Gold Mining
21:48 Wheelbarrow
23:53 Pikeman
26:38 Town Watch
27:26 Bloodlines
软脚虾3号
javiermx
6:50 Loom
12:33 Feudal Age
14:29 Scale Mail Armor
14:39 Forging
16:43 Castle Age
18:20 Chain Mail Armor
18:19 Horse Collar
20:27 Double-Bit Axe
20:27 Horse Collar
21:56 Town Watch
22:13 Arson
Heyfai
5:52 Loom
12:28 Feudal Age
17:29 Castle Age
17:16 Double-Bit Axe
19:23 Bow Saw
19:49 Wheelbarrow
20:31 Horse Collar
23:03 Gold Mining
23:03 Stone Mining
24:06 Hand Cart
24:44 Heavy Plow
26:28 Stone Shaft Mining
AWAKALTA
3:47 Loom
12:13 Feudal Age
12:50 Double-Bit Axe
25:01 Castle Age
25:01 Fishing Lines
25:59 Medium Warships
JUNCAL
Connection lost

Rejoining the realm…

Still unreachable

The connection could not be restored.

Session expired

The server has moved on; the page needs a fresh start.